 Dungeon Crawl Stone Soup version 0.31-a0-1-g4198be8af4 (webtiles) character file.

Game seed: 17563936149525482403

177 HoaS the Shooter (level 5, 0/38 HPs)
             Began as a Formicid Hunter on May 2, 2023.
             Slain by Natasha (8 damage)
             ... on level 3 of the Dungeon.
             The game lasted 00:04:33 (2128 turns).

HoaS the Shooter (Formicid Hunter)                  Turns: 2128, Time: 00:04:33

Health: 0/38       AC:  5    Str: 15    XL:     5   Next: 87%
Magic:  5/5        EV: 11    Int:  9    God:
Gold:   155        SH:  0    Dex: 19    Spells: 4/4 levels left

rFire   . . .        a - +0 shortbow
rCold   . . .        (no shield)
rNeg    . . .        h - +0 ring mail
rPois   .            (helmet unavailable)
rElec   .            (no cloak)
rCorr   .            (no gloves)
SInv    +            (no boots)
Will    .....        (no amulet)
Stlth   +            (no ring)
HPRegen 0.26/turn    (no ring)
MPRegen 0.09/turn

%: no passive effects
@: lethally poisoned (0 -> -3)
A: permanent stasis, dig shafts and tunnels, antennae 3, four strong arms
a: Dig, Shaft Self


You were on level 3 of the Dungeon.
You visited 1 branch of the dungeon, and saw 3 of its levels.

You collected 155 gold pieces.

Inventory:

Hand Weapons
 a - a +0 shortbow (weapon)
Armour
 h - a +0 ring mail (worn)
Scrolls
 b - a scroll of immolation
 k - a scroll of butterflies
Potions
 c - 2 potions of resistance
 d - a potion of brilliance {unknown}
 e - a potion of degeneration {unknown}
 f - a potion of curing {unknown}
 i - a potion of flight {unknown}
 j - 2 potions of cancellation {unknown}
 l - a potion of mutation {unknown}


   Skills:
 - Level 2.1 Fighting
 * Level 6.0 Ranged Weapons
 + Level 2.6 Armour
 - Level 1.7 Dodging
 - Level 1.2 Stealth


You had 4 spell levels left.
You didn't know any spells.
Your spell library contained the following spells:

 Spells                   Type           Power      Damage    Failure   Level
 Slow                     Hex            0%         N/A       61%         1
 Confusing Touch          Hex            0%         N/A       93%         3
 Vampiric Draining        Necr           0%         2d6       93%         3


Dungeon Overview and Level Annotations

Branches:
Dungeon (3/15)

Altars:

Shops:
D:1 ?

Annotations:
D:3 Natasha


Innate Abilities, Weirdness & Mutations

You cannot be hasted, slowed, berserked, paralysed or teleported.
You can dig through walls and to a lower floor.
You have a pair of large antennae on your head. (SInv)
Your four strong arms can wield two-handed weapons with a shield.


Message History

A goblin is nearby!
You shoot an arrow. The arrow hits the goblin!
You kill the goblin!
No target in view!
No target in view!
A kobold comes into view. It is wielding a +0 short sword.
A kobold is nearby!
A kobold is nearby!
You shoot an arrow. The arrow hits the kobold.
You kill the kobold!
You hear a shout!
Natasha, Servant of Life and Death comes into view.
A kobold comes into view.
It is wielding a +0 club and quivering poisoned darts.
You shoot an arrow.
The arrow hits Natasha but does no damage.
Natasha casts a spell at you. The magic dart hits you!
You shoot an arrow. The arrow hits Natasha.
Natasha is moderately wounded.
The kobold throws a poisoned dart.
The poisoned dart hits you!
You are poisoned.
You shoot an arrow. The arrow hits Natasha.
Natasha is heavily wounded.
You feel very sick.
The kobold throws a poisoned dart.
The poisoned dart hits you.
You are more poisoned.
Natasha claws you but does no damage.
You shoot an arrow. The arrow completely misses Natasha.
You feel very sick. Natasha barely misses you.
You shoot an arrow. The arrow misses Natasha.
You feel very sick. The kobold hits you but does no damage. Natasha claws you!
The kobold barely misses you.
You shoot an arrow. The arrow hits Natasha!
Natasha is almost dead.
You feel sick. Natasha claws you. The kobold hits you with a +0 club.
* * * LOW HITPOINT WARNING * * *
Natasha claws you!
You die...

##..########
#...........
##########
#...[######.
......†..# #...###.)#
###.####.# #..###... #
#.# #.# #..##).. # #.#
#.# ##.#... # #.# #.#
#.#.K## # #.####.#
##.##@h## #
#......###..##...###..
#
######.##.............
# ####.##.##.#####....
#####...>..........
###
.........##########
#####.##)### #.##...#
#.####.#


You could see Natasha and a kobold.

Vanquished Creatures
  An orc priest (D:3)
  2 orc wizards (D:3)
  3 adders
  2 worms (D:3)
  2 dart slugs
  2 orcs (D:3)
  6 bats
  2 endoplasms
  3 giant cockroaches
  6 goblins
  3 hobgoblins (D:1)
  7 jackals (D:1)
  A quokka (D:3)
  4 ball pythons
  2 frilled lizards (D:1)
  8 kobolds
  3 rats
57 creatures vanquished.

Notes
Turn   | Place    | Note
-------+----------+-------------------------------------------
     0 | D:1      | HoaS the Formicid Hunter began the quest for the Orb.
     0 | D:1      | Reached XP level 1. HP: 16/16 MP: 1/1
    76 | D:1      | Reached XP level 2. HP: 21/22 MP: 2/2
   119 | D:1      | Found Doeruumm's Magic Scroll Shoppe.
   238 | D:1      | Reached XP level 3. HP: 27/27 MP: 3/3
   884 | D:2      | You fall into a shaft and drop 1 floor!
   916 | D:3      | Reached skill level 5 in Ranged Weapons
   916 | D:3      | Reached skill level 1 in Armour
  1161 | D:2      | Reached XP level 4. HP: 33/33 MP: 4/4
  1464 | D:3      | Reached XP level 5. HP: 29/38 MP: 5/5
  1735 | D:3      | Found a faded altar of an unknown god.
  1761 | D:3      | Reached skill level 6 in Ranged Weapons
  2122 | D:3      | Noticed Natasha
  2128 | D:3      | Slain by Natasha

Illustrated notes

Levels and vault maps discovered:
D:1:      lemuel_arrival_rhombus, layout_loops_ring, serial_shops, shop
D:2:      layout_rooms, minmay_close_crescents
D:3:      layout_loops_ring, chequers_ecumenical_altar_simple_redux,
          amcnicky_mini_rare_corridor_liquid, minmay_cupped, uniq_natasha

Skill      XL: |  1  2  3  4  5 |
---------------+----------------+-----
Ranged Weapons | 5 6 |  6.0
Armour         | 1 2 |  2.6
Fighting       | |  2.1
Dodging        | |  1.7
Stealth        | |  1.2

Action                     |  1- 3 |  4- 6 || total
---------------------------+-------+-------++-------
  Melee: Shortbow          |       |     1 ||     1
   Fire: Shortbow          |    90 |    88 ||   178
    Use: Scroll            |     5 |     2 ||     7
 Armour: Leather armour    |     5 |       ||     5
         Ring mail         |    18 |    13 ||    31
  Dodge: Dodged            |    38 |    25 ||    63

Table legend: (Time is in decaauts)
 A = Elapsed time spent in this place.
 B = Non-inter-level travel time spent in this place.
 C = Inter-level travel time spent in this place.
 D = Time resting spent in this place.
 E = Time spent auto-exploring this place.
 F = Levels seen in this place.
 G = Mean time per level.
                   A        B        C        D        E       F      G
               +--------+--------+--------+--------+--------+-----+--------+
         Total |   2186 |   2146 |     40 |    354 |   1353 |   3 |  728.7 |
       Dungeon |   2186 |   2146 |     40 |    354 |   1353 |   3 |  728.7 |
               +--------+--------+--------+--------+--------+-----+--------+

Top non-repeatable levels by time:
     D:3: 1016 daAuts
     D:1: 672 daAuts
     D:2: 497 daAuts
